Map: Tours du crépuscule

Players

Øvermind

  • Race: Protoss Protoss
  • League: Master

Worming - Winner!

  • Race: Zerg Zerg
  • League: Diamond

VOD

Have the link to the VOD?

Description

Time

  • Played on: June 17, 2016, 5:47 p.m.
  • Length: 18:06
Show
View Real Time Build Order
Export as new Build Order

Øvermind Protoss 

Build Orders: Nexus First 

Get SALT Encoding   

  12  0:01  Probe (Chrono Boost)  
  13  0:11  Probe (Chrono Boost)  
  14  0:17  Pylon  
  14  0:22  Probe (Chrono Boost)  
  15  0:36  Probe (Chrono Boost)  
  16  0:46  Probe (Chrono Boost)  
  17  1:00  Nexus  
  17  1:08  Gateway  
  17  1:14  Assimilator  
  17  1:15  Probe (Chrono Boost)  
  18  1:25  Probe (Chrono Boost)  
  19  1:34  Assimilator  
  19  1:37  Probe (Chrono Boost)  
  20  1:47  Pylon  
  20  1:51  Probe (Chrono Boost)  
  21  1:59  Cybernetics Core  
  21  2:02  Probe (Chrono Boost)  
  22  2:12  Probe (Chrono Boost)  
  22  2:13  Probe (Chrono Boost)  
  25  2:23  Probe x2 (Chrono Boost)  
  25  2:27  Gateway  
  26  2:32  Probe (Chrono Boost)  
  26  2:34  Probe (Chrono Boost)  
  26  2:35  Stalker (Chrono Boost)  
  26  2:36  Warp Gate  
  30  2:42  Probe  
  31  2:46  Probe  
  32  2:52  Probe  
  32  2:58  Probe  
  34  3:01  Stargate  
  34  3:02  Adept (Chrono Boost)  
  36  3:08  Probe  
  36  3:10  Probe  
  38  3:17  Forge  
  38  3:18  Gateway  
  38  3:19  Probe  
  41  3:27  Adept (Chrono Boost)  
  41  3:28  Probe  
  41  3:29  Probe  
  41  3:30  Adept (Chrono Boost)  
  45  3:40  Probe  
  46  3:41  Protoss Ground Weapons Level 1 (Chrono Boost)  
  46  3:54  Pylon  
  46  3:57  Assimilator  
  46  3:58  Assimilator  
  46  4:00  Pylon  
  46  4:12  Adept x2, Phoenix (Chrono Boost)  
  52  4:18  Probe x2  
  54  4:30  Probe x2  
  56  4:39  Phoenix (Chrono Boost)  
  56  4:42  Probe  
  59  4:53  Twilight Council  
  59  4:54  Probe  
  59  4:58  Probe  
  61  5:07  Pylon  
  61  5:09  Pylon  
  61  5:15  Protoss Ground Weapons Level 2  
  61  5:22  Nexus  
  61  5:24  Pylon  
  61  5:25  Phoenix (Chrono Boost)  
  61  5:28  Pylon  
  63  5:36  Resonating Glaives (Chrono Boost)  
  63  5:45  Robotics Facility  
  63  5:47  Gateway  
  63  5:49  Gateway  
  63  5:51  Phoenix, Forge  
  63  5:55  Adept x3  
  71  6:01  Pylon  
  71  6:16  Phoenix  
  73  6:24  Adept  
  73  6:25  Adept x2  
  79  6:32  Probe  
  80  6:33  Probe  
  80  6:36  Probe  
  82  6:40  Protoss Ground Armor Level 1  
  82  6:43  Phoenix  
  82  6:44  Probe x2  
  86  6:48  Probe  
  87  6:55  Probe  
  87  6:56  Probe  
  87  7:01  Probe, Observer (Chrono Boost)  
  91  7:05  Adept x3  
  91  7:07  Probe  
  98  7:10  Phoenix  
  100  7:19  Probe, Assimilator  
  100  7:20  Assimilator, Immortal (Chrono Boost)  
  105  7:31  Probe  
  106  7:43  Probe  
  89  7:54  Immortal (Chrono Boost)  
  93  7:59  Protoss Ground Weapons Level 3  
  93  8:00  Phoenix  
  93  8:02  Adept x3  
  93  8:04  Adept x2  
  105  8:06  Probe  
  106  8:18  Probe  
  107  8:28  Observer (Chrono Boost)  
  107  8:30  Probe  
  99  8:42  Probe  
  92  8:54  Probe  
  91  8:57  Phoenix  
  91  9:00  Observer (Chrono Boost)  
  94  9:03  Protoss Ground Armor Level 2  
  94  9:05  Adept  
  94  9:06  Adept x4  
  104  9:18  Nexus  
  104  9:19  Immortal (Chrono Boost)  
  104  9:20  Pylon  
  104  9:21  Templar Archives, Pylon  
  104  9:22  Phoenix  
  104  9:24  Charge, Pylon  
  110  9:28  Robotics Facility  
  110  9:34  Adept x3  
  116  9:39  Pylon  
  116  9:40  Pylon  
  116  9:42  Pylon  
  116  9:50  Immortal (Chrono Boost)  
  119  10:01  Adept x3  
  119  10:02  Adept x2  
  119  10:05  Phoenix (Chrono Boost)  
  127  10:27  Phoenix (Chrono Boost)  
  121  10:32  Observer  
  121  10:33  Immortal  
  126  10:36  Probe  
  126  10:42  Probe  
  128  10:46  Probe, Adept x2  
  128  10:47  Adept x3  
  128  10:48  Immortal  
  128  10:49  Phoenix (Chrono Boost)  
  141  10:51  Psionic Storm  
  141  10:54  Probe  
  146  10:57  Probe  
  146  10:58  Gateway  
  146  11:03  Gateway  
  147  11:06  Gateway, Probe  
  147  11:08  Gateway  
  148  11:12  High Templar, Immortal  
  148  11:13  High Templar x2  
  148  11:14  High Templar  
  148  11:16  Zealot  
  162  11:20  Archon x2  
  162  11:25  Phoenix (Chrono Boost)  
  164  11:29  Assimilator  
  164  11:30  Assimilator  
  164  11:35  Gateway  
  164  11:46  Zealot x4  
  164  11:47  Zealot  
  174  11:48  Immortal  
  174  11:52  Phoenix (Chrono Boost)  
  180  12:02  Pylon  
  180  12:03  Pylon  
  180  12:05  Pylon  
  177  12:16  Immortal  
  165  12:38  Probe  
  166  12:49  Probe  
  167  12:57  Zealot x6  
  167  12:58  Zealot x4  
  187  13:00  Probe  
  188  13:07  Protoss Shields Level 1, Protoss Ground Armor Level 3  
  188  13:25  Nexus  
  104  14:03  Stalker x5  
  104  14:04  Stalker x5  
  104  14:07  Phoenix (Chrono Boost)  
  114  14:10  Immortal  
  114  14:14  Stargate  
  114  14:15  Immortal  
  100  14:28  Phoenix (Chrono Boost)  
  100  14:29  Stalker x4  
  100  14:30  Stalker  
  112  14:31  Adept  
  112  14:32  Adept x4  
  122  14:44  Immortal  
  122  14:48  Blink  
  122  14:50  Phoenix (Chrono Boost)  
  128  14:58  Phoenix (Chrono Boost)  
  134  15:08  Observer  
  134  15:12  Phoenix (Chrono Boost)  
  131  15:20  Phoenix (Chrono Boost)  
  126  15:30  Observer  
  115  15:42  Phoenix (Chrono Boost)  
  105  15:51  Observer  
  104  16:04  Phoenix (Chrono Boost)  
  96  16:11  Stalker  
  96  16:12  Stalker x6  
  84  16:32  Phoenix (Chrono Boost)  
  82  16:33  Phoenix (Chrono Boost)  
  82  16:38  Mothership Core (Chrono Boost)  
  82  16:39  Stalker x2  
  86  16:40  Stalker x3  
  86  16:41  Stalker x5  
  86  16:45  Observer (Chrono Boost)  
  83  16:48  Observer (Chrono Boost)  
  83  16:53  Phoenix  
  83  16:54  Phoenix  
  77  17:04  Stalker x3  
  77  17:05  Stalker x5  
  77  17:06  Stalker x2  
  97  17:14  Phoenix  
  97  17:15  Phoenix  
  101  17:28  Stalker x7  
  115  17:36  Phoenix  
  107  17:37  Phoenix  
Show
View Real Time Build Order
Export as new Build Order

Worming Zerg - Winner!

Build Orders: Hatch First, Lurkers 

Get SALT Encoding   

  12  0:01  Drone  
  13  0:14  Overlord  
  13  0:25  Drone  
  14  0:34  Drone x2  
  16  0:44  Drone  
  17  0:54  Hatchery  
  17  0:57  Drone  
  17  1:03  Drone  
  18  1:08  Extractor  
  17  1:19  Spawning Pool  
  17  1:20  Drone  
  17  1:22  Drone  
  18  1:37  Drone  
  19  1:41  Overlord  
  19  1:52  Drone  
  20  2:02  Drone  
  20  2:06  Queen  
  20  2:07  Zergling x2  
  20  2:08  Queen  
  24  2:10  Metabolic Boost  
  26  2:20  Drone x2  
  28  2:39  Drone  
  28  2:40  Drone x3  
  32  2:46  Overlord  
  32  2:53  Overlord  
  31  3:18  Drone x10, Extractor  
  40  3:22  Hatchery  
  39  3:30  Zergling x4  
  41  3:45  Queen x2  
  45  3:50  Roach Warren  
  45  3:53  Evolution Chamber  
  43  4:01  Drone x6  
  43  4:02  Drone  
  50  4:04  Overlord  
  50  4:05  Extractor  
  49  4:18  Overlord x2  
  49  4:20  Zerg Missile Weapons Level 1  
  49  4:30  Lair  
  49  4:33  Drone x6  
  55  4:39  Spore Crawler  
  55  4:44  Spore Crawler  
  53  4:52  Spore Crawler  
  52  4:55  Spore Crawler  
  51  5:00  Drone x5  
  51  5:06  Overlord x2  
  56  5:08  Pneumatized Carapace  
  56  5:10  Queen  
  58  5:18  Drone x6  
  63  5:33  Hydralisk Den  
  62  5:41  Spore Crawler  
  61  5:46  Queen  
  61  5:48  Zergling x24  
  75  5:54  Queen  
  77  5:59  Glial Reconstitution  
  77  6:03  Lurker Den  
  77  6:18  Zerg Missile Weapons Level 2  
  77  6:26  Drone x5  
  77  6:27  Overlord x6  
  77  6:30  Extractor  
  79  6:41  Drone x2  
  80  6:59  Hydralisk x8  
  80  7:00  Hydralisk  
  98  7:05  Overseer  
  98  7:18  Drone x2  
  98  7:20  Drone  
  98  7:21  Drone x2, Hydralisk x2  
  98  7:22  Hydralisk x3  
  113  7:27  Hatchery  
  112  7:30  Muscular Augments  
  112  7:32  Lurker x2  
  100  7:44  Roach  
  100  7:45  Zergling x12, Roach x5  
  108  8:05  Drone x9  
  117  8:12  Extractor  
  116  8:22  Drone x3  
  116  8:26  Drone, Extractor  
  120  8:27  Drone x2  
  121  8:34  Zerg Ground Armor Level 1  
  98  8:51  Hydralisk x2  
  98  8:52  Zergling x2, Hydralisk x5  
  98  8:53  Zergling x6  
  104  9:05  Roach x2  
  104  9:06  Roach  
  104  9:08  Hydralisk x4  
  104  9:09  Zergling x16  
  126  9:16  Hatchery  
  125  9:21  Infestation Pit  
  125  9:24  Lurker x2  
  125  9:25  Lurker  
  125  9:27  Overlord x6  
  127  9:59  Overseer  
  117  10:25  Hydralisk x4  
  117  10:26  Zergling x10, Roach x5  
  117  10:27  Zergling x12, Roach x3  
  124  10:29  Zerg Ground Armor Level 2  
  124  10:33  Hive  
  124  10:35  Drone x5, Spire  
  123  10:37  Extractor  
  123  10:41  Spine Crawler x2  
  120  10:44  Spine Crawler  
  120  10:47  Hydralisk x6  
  131  10:56  Drone x3  
  134  11:01  Lurker  
  134  11:02  Lurker x2  
  134  11:03  Lurker  
  138  11:11  Drone x2  
  138  11:12  Drone x2, Extractor  
  138  11:13  Drone x2  
  138  11:14  Drone  
  138  11:16  Roach x2  
  138  11:17  Zergling x12  
  152  11:46  Lurker  
  153  11:47  Lurker  
  154  11:58  Greater Spire  
  154  12:03  Overlord x2, Extractor  
  154  12:04  Zergling x22, Extractor  
  154  12:05  Zergling x22  
  154  12:06  Drone x2  
  154  12:07  Drone  
  175  12:21  Corruptor x3  
  175  12:22  Zergling x4  
  149  12:23  Zergling x2  
  148  12:33  Lurker x3  
  151  12:37  Corruptor x3  
  151  12:38  Zergling x16  
  151  12:39  Zergling x12  
  151  12:40  Spore Crawler  
  170  12:45  Zerg Missile Weapons Level 3  
  170  12:48  Roach x3  
  176  12:57  Spore Crawler  
  174  13:11  Brood Lord x4  
  174  13:12  Brood Lord x2  
  186  13:17  Spine Crawler  
  186  13:19  Spore Crawler, Spine Crawler  
  183  13:25  Drone x4  
  183  13:26  Drone x2, Overlord x2  
  143  13:46  Zergling x6, Roach, Hydralisk x6  
  143  13:47  Roach x5, Hydralisk x2  
  137  14:10  Zergling x22  
  140  14:39  Lurker x3  
  140  14:40  Lurker  
  143  14:51  Zerg Flyer Weapons Level 1  
  143  14:53  Hatchery, Hydralisk x3  
  143  14:54  Hydralisk x2  
  143  14:57  Lurker  
  147  15:23  Zerg Melee Weapons Level 1  
  143  15:35  Zergling x4  
  142  15:36  Zergling x14, Roach x7  
  152  15:49  Hydralisk  
  146  15:50  Hydralisk x3  
  146  15:51  Roach  
  146  15:56  Hatchery  
  138  16:18  Corruptor x2  
  138  16:21  Infestor x3  
  145  16:48  Hydralisk  
  145  16:49  Roach x2, Hydralisk x3  
  145  16:50  Roach x3  
  163  17:03  Zergling x2  
  164  17:26  Overlord  
  164  17:27  Overlord x3  
  164  17:31  Brood Lord x2, Corruptor x2, Hydralisk x2  
  170  17:45  Roach  
  170  17:46  Zergling x2, Roach x2  
Tags
 
Add a new tag
Caveats
  • Supply blocks, unpowered buildings, or Contaminate may cause inaccurate times.
  • Supply counts are checked every 10 seconds.